 Dungeon Crawl Stone Soup version 0.30-a0-605-gb2882149bf (webtiles) character file.

Game seed: 7572539526116302328

8777 pokeman the Thaumaturge (level 11, -2/61 HPs)
             Began as a Deep Elf Hedge Wizard on Jan 7, 2023.
             Was a Follower of Vehumet.
             Slain by a manticore (5 damage)
             ... on level 11 of the Dungeon.
             The game lasted 00:27:23 (13399 turns).

pokeman the Thaumaturge (Deep Elf Hedge Wizard)    Turns: 13399, Time: 00:27:24

Health: -2/61      AC:  9    Str:  7    XL:     11   Next: 14%
Magic:  9/31       EV: 18    Int: 24    God:    Vehumet [*.....]
Gold:   672        SH:  0    Dex: 14    Spells: 14/39 levels left

rFire   + . .      SeeInvis .    O - +1 dagger (venom)
rCold   + + .      Faith    .    (no shield)
rNeg    . . .      Spirit   .    P - +0 steam dragon scales
rPois   .          Reflect  .    K - +1 hat
rElec   .          Harm     .    E - scarf {rC+ rF+}
rCorr   .          Rampage  .    x - +0 pair of gloves
Will    +....                    G - +0 pair of boots
Stlth   ++                       (no amulet)
HPRegen 0.30/turn                j - +5 ring of evasion
MPRegen 0.22/turn                S - ring of protection from cold

@: no status effects
A: no striking features
a: Renounce Religion


You were on level 11 of the Dungeon.
You worshipped Vehumet.
Vehumet was aware of your devotion.
You visited 2 branches of the dungeon, and saw 12 of its levels.
You also visited: Sewer.

You collected 672 gold pieces.

Inventory:

Hand Weapons
 N - a +3 dagger of chaos
 O - a +1 dagger of venom (weapon)
Missiles
 c - a throwing net
Armour
 f - a scarf of invisibility
 s - an orb of light
 x - a +0 pair of gloves (worn)
 E - a scarf of resistance (worn)
 G - a +0 pair of boots (worn)
 K - a +1 hat (worn)
 M - a +2 ring mail of cold resistance
 P - +0 steam dragon scales (worn)
Magical Staves
 C - a staff of cold
 J - a staff of air
Jewellery
 b - an amulet of guardian spirit
 j - a +5 ring of evasion (left hand)
 y - a ring of ice
 S - a ring of protection from cold (right hand)
Wands
 F - a wand of digging (6)
 L - a wand of flame (11)
 Q - a wand of charming (4)
Scrolls
 a - 3 scrolls of amnesia {unknown}
 e - 6 scrolls of identify {unknown}
 g - 3 scrolls of vulnerability {unknown}
 h - 3 scrolls of blinking {unknown}
 l - a scroll of magic mapping {unknown}
 n - 3 scrolls of enchant armour {unknown}
 p - 4 scrolls of teleportation {unknown}
 t - 2 scrolls of poison {unknown}
 z - 2 scrolls of noise {unknown}
 B - 3 scrolls of fear {unknown}
 H - a scroll of enchant weapon {unknown}
 I - a scroll of immolation {unknown}
Potions
 d - 4 potions of magic
 i - 2 potions of brilliance {unknown}
 k - 4 potions of curing {unknown}
 m - a potion of haste {unknown}
 o - 2 potions of ambrosia {unknown}
 q - 2 potions of invisibility {unknown}
 r - 2 potions of resistance {unknown}
 u - 4 potions of degeneration {unknown}
 v - a potion of lignification {unknown}
 w - 3 potions of mutation {unknown}
 A - 2 potions of heal wounds {unknown}
 D - a potion of cancellation {unknown}
Miscellaneous
 R - a phial of floods


   Skills:
 - Level 4.1 Fighting
 + Level 4.5 Armour
 - Level 3.1 Dodging
 - Level 3.0 Stealth
 * Level 14.6 Spellcasting
 + Level 8.5 Conjurations
 - Level 4.2 Summonings
 - Level 1.1 Translocations
 + Level 6.5 Fire Magic
 - Level 1.0 Ice Magic
 - Level 1.0 Air Magic
 - Level 1.0 Poison Magic
 - Level 2.1 Evocations


You had 14 spell levels left.
You knew the following spells:

 Your Spells              Type           Power      Damage    Failure   Level
a - Magic Dart            Conj           100%       1d8       1%          1
b - Mephitic Cloud        Conj/Pois/Air  34%        N/A       2%          3
c - Call Imp              Summ           37%        N/A       1%          2
d - Blink                 Tloc           44%        N/A       3%          2
e - Sticky Flame          Conj/Fire      52%        2d7       1%          4
f - Freezing Cloud        Conj/Ice/Air   17%        6-21      22%         5
g - Ignition              Fire           24%        3d8       100%        8

Your spell library contained the following spells:

 Spells                   Type           Power      Damage    Failure   Level
 Shock                    Conj/Air       100%       1d9       1%          1
 Summon Small Mammal      Summ           100%       N/A       1%          1
 Call Canine Familiar     Summ           37%        N/A       1%          3
 Slow                     Hex            68%        N/A       3%          1
 Cigotuvi's Dreadful Rot  Necr/Pois/Air  40%        N/A       3%          2
 Ignite Poison            Fire/Tmut/Pois 29%        N/A       3%          3
 Kindle Blastsparks       Fire/Tloc/Air  62%        2d15      3%          3
 Sublimation of Blood     Necr           17%        N/A       4%          2
 Wereblood                Tmut           17%        N/A       4%          2
 Summon Guardian Golem    Hex/Summ       27%        N/A       4%          3
 Summon Hydra             Summ           18%        N/A       99%         7


Dungeon Overview and Level Annotations

Branches:
Dungeon (11/15)            Temple (1/1) D:7            Lair (0/5) D:9
  Sewer (visited)
    Orc: D:9-12

Altars:
Ashenzari
Cheibriados
Dithmenos
Elyvilon
Fedhas
Gozag
Hepliaklqana
Kikubaaqudgha
Makhleb
Nemelex Xobeh
Okawaru
Qazlal
Ru
Sif Muna
Trog
Uskayaw
Vehumet
Wu Jian
Xom
Yredelemnul
Zin
The Shining One

Shops:
D:3 :

Annotations:
D:3 1 runed translucent door, logorrheac's ghost, amateur MiBe


Message History

Confirm with . or Enter, or press ? or * to list all spells.
The spell is quite dangerous to miscast (22% risk of failure)!
Continue anyway?
Okay, then.
Unknown command.
Casting: Freezing Cloud (quite dangerous; 22% risk of failure)
Confirm with . or Enter, or press ? or * to list all spells.
Aiming: Sticky Flame (dangerous; 1% risk of failure)
Press: ? - help, Shift-Dir - straight line, f/p - manticore
Aim: a manticore (noxious fumes)
The sticky flame hits the manticore!
The manticore is lightly wounded.
The manticore is covered in liquid flames!
The boulder beetle burns!
The manticore burns!
The manticore is engulfed in noxious fumes.
The manticore bites you! The manticore closely misses you.
The manticore claws you.
Unknown command.
The barbs in your skin will harm you if you move.
Continue?
Okay, then.
Unknown command.
You carefully extract the barbed spikes from your body.
The boulder beetle burns!
The manticore burns!
The manticore is engulfed in noxious fumes.
The manticore closely misses you.
The manticore claws you but does no damage.
The manticore completely misses you.
Casting: Sticky Flame (dangerous; 1% risk of failure)
Confirm with . or Enter, or press ? or * to list all spells.
Aiming: Mephitic Cloud (dangerous; 2% risk of failure)
Press: ? - help, Shift-Dir - straight line, p - manticore The ball explodes into a vile cloud!
The stinking cloud engulfs the manticore but does no damage.
The manticore is moderately wounded.
The boulder beetle seems less confused.
The boulder beetle burns!
The manticore burns!
The boulder beetle bites you!!
* * * LOW HITPOINT WARNING * * *
The manticore is engulfed in noxious fumes.
The manticore appears confused.
The manticore misses you. The manticore barely misses you.
The manticore claws you.
You die...

.. ##<.
###################### ....
.............<....:... ....
.........B...§........ ....
.........@..†§°§......
...^............○H°°☼☼§......
...............☼☼○○h.........
...............○○☼...........
.............................
.......^.....................
....>......(.................
.............................
.............................


You could see a boulder beetle (burning), a manticore (confused, burning) and a
howler monkey.

Vanquished Creatures
  Josephine (D:10)
  A two-headed ogre (D:10)
  A fire crab (D:9)
  Joseph (D:8)
  Psyche (D:8)
  Grinder (Sewer)
  3 trolls
  4 wyverns
  A vampire (D:10)
  A shadow (D:10)
  5 wraiths
  3 yaks (D:10)
  2 orc warriors (D:9)
  A water moccasin (D:8)
  A black bear (D:5)
  3 wolves (D:8)
  An ogre (D:4)
  4 centaurs
  A kobold brigand (Sewer)
  4 bullfrogs
  A gnoll sergeant (D:9)
  2 necrophages (D:6)
  2 scorpions
  4 howler monkeys
  A quasit (Sewer)
  3 orc priests
  2 hounds
  A jelly (D:6)
  A gnoll bouda (D:7)
  Jessica (D:2)
  4 iguanas
  Terence (D:2)
  6 orc wizards
  7 adders
  9 gnolls
  4 shadow imps (Sewer)
  A white imp (D:5)
  An ufetubus (Sewer)
  8 dart slugs
  32 orcs
  6 ball pythons
  5 endoplasms
  3 giant cockroaches
  6 hobgoblins
  21 kobolds
  8 quokkas
  7 bats
  6 frilled lizards
  5 goblins
  2 kobold zombies (Sewer)
  5 rats
205 creatures vanquished.

Vanquished Creatures (collateral kills)
  Maggie (D:9)
  A wraith (D:10)
  Grum (D:8)
  An orc warrior (D:7)
  2 kobold brigands
  A howler monkey (D:9)
  An adder (D:2)
  A worm (D:4)
  A giant cockroach (D:4)
  A quokka (D:4)
  2 kobolds (Sewer)
  A rat (D:2)
14 creatures vanquished.

Vanquished Creatures (others)
  An adder zombie (Sewer)
1 creature vanquished.

Grand Total: 220 creatures vanquished

Notes
Turn   | Place    | Note
-------+----------+-------------------------------------------
     0 | D:1      | pokeman the Deep Elf Hedge Wizard began the quest for the
                  | Orb.
     0 | D:1      | Reached XP level 1. HP: 10/10 MP: 7/7
   132 | D:1      | Reached XP level 2. HP: 12/16 MP: 1/9
   802 | D:1      | Reached skill level 5 in Spellcasting
   971 | D:1      | Reached XP level 3. HP: 17/20 MP: 0/11
   975 | D:1      | Learned a level 3 spell: Mephitic Cloud
   978 | D:1      | Learned a level 2 spell: Call Imp
   981 | D:1      | Learned a level 2 spell: Blink
  1409 | D:2      | Noticed Jessica
  1415 | D:2      | Killed Jessica
  1416 | D:2      | Reached skill level 1 in Fighting
  1416 | D:2      | Reached skill level 1 in Armour
  1429 | D:2      | Reached XP level 4. HP: 13/25 MP: 5/13
  1529 | D:2      | Noticed Terence
  1556 | D:2      | Killed Terence
  2653 | D:3      | Found a shimmering blue altar of Sif Muna.
  3003 | D:3      | Found Yfrox's Vocational Training.
  3245 | D:3      | Found a runed translucent door.
  3245 | D:3      | Noticed logorrheac's ghost (amateur MiBe)
  3463 | D:4      | Reached skill level 6 in Spellcasting
  3463 | D:4      | Reached XP level 5. HP: 24/29 MP: 10/15
  3518 | D:4      | Found an opulent altar of Gozag.
  3536 | D:4      | Found a glowing drain.
  3561 | D:4      | Reached skill level 1 in Air Magic
  3563 | Sewer    | Entered a sewer
  3887 | Sewer    | Found a burning altar of Makhleb.
  3913 | Sewer    | Reached skill level 1 in Poison Magic
  3913 | Sewer    | Reached XP level 6. HP: 30/34 MP: 10/17
  3928 | Sewer    | Reached skill level 7 in Spellcasting
  4088 | Sewer    | Noticed Grinder
  4156 | Sewer    | Paralysed by Grinder for 3 turns
  4177 | Sewer    | Killed Grinder
  4178 | Sewer    | Reached XP level 7. HP: 37/40 MP: 6/20
  4419 | D:4      | Reached skill level 8 in Spellcasting
  5329 | D:5      | Entered Level 5 of the Dungeon
  5617 | D:5      | Reached skill level 1 in Ice Magic
  5807 | D:5      | Reached XP level 8. HP: 41/44 MP: 17/22
  5936 | D:5      | Reached skill level 9 in Spellcasting
  6358 | D:5      | Found a sparkling altar of Nemelex Xobeh.
  6566 | D:6      | Reached skill level 1 in Evocations
  6760 | D:6      | Found a hazy altar of Hepliaklqana.
  6924 | D:6      | Reached skill level 5 in Conjurations
  7684 | D:7      | Found a staircase to the Ecumenical Temple.
  7692 | Temple   | Entered the Ecumenical Temple
  8037 | D:7      | Learned a level 8 spell: Ignition
  8160 | D:7      | Reached skill level 10 in Spellcasting
  8250 | D:7      | Reached skill level 1 in Fire Magic
  8722 | D:7      | Reached XP level 9. HP: 38/49 MP: 22/25
  9278 | D:8      | Noticed Grum
  9302 | D:8      | Killed Grum
  9313 | D:8      | Reached skill level 11 in Spellcasting
  9391 | D:8      | Noticed Joseph
  9392 | D:8      | Upgraded the game from 0.30-a0-596-g0af90f9a20 to
                  | 0.30-a0-605-gb2882149bf
  9476 | D:8      | Killed Joseph
  9965 | D:8      | Noticed Psyche
  9980 | D:8      | Killed Psyche
  9981 | D:8      | Reached skill level 12 in Spellcasting
 10165 | D:8      | Found a radiant altar of Vehumet.
 10170 | D:8      | Became a worshipper of Vehumet
 10509 | D:9      | Noticed Maggie
 10536 | D:9      | Killed Maggie
 10537 | D:9      | Reached XP level 10. HP: 30/56 MP: 15/28
 10687 | D:9      | Found a staircase to the Lair.
 10688 | D:9      | Noticed a fire crab
 10692 | D:9      | Killed a fire crab
 11033 | D:9      | Reached skill level 13 in Spellcasting
 11033 | D:9      | Reached skill level 5 in Fire Magic
 11617 | D:10     | Entered Level 10 of the Dungeon
 11655 | D:10     | Learned a level 5 spell: Freezing Cloud
 11665 | D:10     | Noticed a two-headed ogre
 11685 | D:10     | Killed a two-headed ogre
 12208 | D:10     | Noticed Josephine
 12228 | D:10     | Reached * piety under Vehumet
 12228 | D:10     | Offered knowledge of Shock by Vehumet.
 12229 | D:10     | Reached skill level 14 in Spellcasting
 12238 | D:10     | Killed Josephine
 12243 | D:10     | Reached XP level 11. HP: 56/61 MP: 27/31
 12997 | D:9      | Learned a level 4 spell: Sticky Flame
 13385 | D:11     | Noticed a boulder beetle
 13399 | D:11     | HP: 3/61 [boulder beetle (18)]
 13399 | D:11     | Slain by a manticore

Illustrated notes

Levels and vault maps discovered:
D:1:      ncdulo_lavacross, layout_loops_ring
D:2:      layout_basic, minmay_misc_feat_enclosed, serial_bayou_pond_e,
          uniq_terence, uniq_jessica
D:3:      layout_loops_ring, lemuel_tele_altar, hellmonk_ghost_happy_afterlife,
          dk_vineyard_2, nicolae_shop_vocational
D:4:      layout_basic, nicolae_gozag_cash_rules_everything_around_me,
          portal_sewer_entry_f, roderic_serpentine_path
D:5:      layout_gridville, mainiacjoe_overflow_alcove_4
D:6:      layout_gridville, old_standard_altar, st_stairs_5, uniq_menkaure
D:7:      layout_loops_corners, minmay_temple_entry_trees
D:8:      layout_basic, kennysheep_little_box, kennysheep_nub, uniq_grum,
          uniq_psyche, uniq_joseph
D:9:      layout_long_grid, minmay_lair_entry_lava, uniq_maggie
D:10:     layout_roguey, uniq_josephine
D:11:     layout_cross
Temple:   minmay_temple_bridge_d

Skill      XL: |  1  2  3  4  5  6  7  8  9 10 |
---------------+-------------------------------+-----
Spellcasting   | 5 6 7 8 10 12 14 | 14.6
Fighting       | 1 2 3 4 |  4.1
Armour         | 1 3 4 |  4.5
Conjurations   | 2 3 4 5 6 8 |  8.5
Stealth        | 3 |  3.0
Dodging        | 3 |  3.1
Air Magic      | 1 |  1.0
Poison Magic   | 1 |  1.0
Summonings     | 2 3 4 |  4.2
Ice Magic      | 1 |  1.0
Evocations     | 2 |  2.1
Fire Magic     | 1 4 6 |  6.5
Translocations | |  1.1

Action                   |  1- 3 |  4- 6 |  7- 9 | 10-12 || total
-------------------------+-------+-------+-------+-------++-------
Melee: Dagger            |     6 |       |    23 |    96 ||   125
       Short sword       |       |    90 |   148 |       ||   238
       Punch             |       |     2 |     2 |     3 ||     7
Throw: Dart              |       |     1 |       |       ||     1
 Cast: Magic Dart        |    77 |   124 |   315 |    66 ||   582
       Call Imp          |     1 |     5 |     9 |     8 ||    23
       Mephitic Cloud    |       |     3 |    26 |    23 ||    52
       Blink             |       |     1 |     1 |     7 ||     9
       Sticky Flame      |       |       |       |    12 ||    12
       Freezing Cloud    |       |       |       |     1 ||     1
Evoke: Wand              |       |       |       |    21 ||    21
 Stab: Confused          |       |     5 |    27 |    12 ||    44
       Sleeping          |       |     1 |       |       ||     1
Armor: Robe              |     2 |     9 |    21 |       ||    32
       Steam dragon scal |       |       |       |    25 ||    25
Dodge: Dodged            |    14 |    82 |   144 |   109 ||   349

Table legend: (Time is in decaauts)
 A = Elapsed time spent in this place.
 B = Non-inter-level travel time spent in this place.
 C = Inter-level travel time spent in this place.
 D = Time resting spent in this place.
 E = Time spent auto-exploring this place.
 F = Levels seen in this place.
 G = Mean time per level.
                   A        B        C        D        E       F      G
               +--------+--------+--------+--------+--------+-----+--------+
         Total |  13329 |  12758 |    571 |    446 |  10291 |  13 | 1025.3 |
       Dungeon |  12285 |  11722 |    563 |    356 |   9545 |  11 | 1116.8 |
        Temple |    231 |    223 |      8 |      0 |    212 |   1 |  231.0 |
         Sewer |    812 |    812 |      0 |     90 |    534 |   1 |  812.0 |
               +--------+--------+--------+--------+--------+-----+--------+

Top non-repeatable levels by time:
     D:7: 1428 daAuts
     D:2: 1344 daAuts
     D:9: 1314 daAuts
    D:10: 1302 daAuts
     D:1: 1244 daAuts
     D:5: 1219 daAuts
     D:8: 1157 daAuts
     D:4: 1071 daAuts
     D:6: 1040 daAuts
     D:3: 828 daAuts
   Sewer: 812 daAuts
    D:11: 333 daAuts
  Temple: 231 daAuts
